Map: Romanticide LE

Players

Kelazhur

  • Race: Terran Terran
  • Spawn Location: 5:00

TLHarstem (Harstem) - Winner!

  • Race: Protoss Protoss
  • League: Master
  • Spawn Location: 11:00

Event: StayAtHome Story Cup #3

VOD

Have the link to the VOD?

Description

Time

  • Played on: March 11, 2021, 7:47 a.m.
  • Length: 10:12

All games in this series

Show
View Real Time Build Order
Export as new Build Order

Kelazhur Terran 

Build Orders: Reaper Expand 

Get SALT Encoding   

  12  0:00  SCV  
  13  0:12  SCV  
  14  0:17  Supply Depot  
  14  0:24  SCV  
  15  0:38  SCV  
  15  0:39  Barracks  
  16  0:44  Refinery  
  16  0:50  SCV  
  17  1:02  SCV  
  18  1:14  SCV  
  19  1:26  Reaper, Orbital Command  
  20  1:39  Command Center  
  20  1:49  Supply Depot  
  20  1:55  SCV  
  20  1:58  Marine  
  22  2:07  Factory  
  22  2:08  SCV  
  23  2:18  Refinery  
  23  2:21  Barracks Reactor  
  23  2:22  SCV  
  24  2:33  Bunker  
  24  2:34  SCV  
  25  2:47  SCV  
  26  2:51  Hellion  
  26  2:52  Starport  
  26  2:54  Orbital Command  
  28  2:58  Marine  
  28  3:00  SCV  
  28  3:03  Marine  
  31  3:12  SCV  
  32  3:16  Widow Mine  
  34  3:21  SCV  
  34  3:24  SCV, Marine x2  
  38  3:31  Medivac  
  40  3:34  Supply Depot  
  40  3:36  SCV x2  
  40  3:37  Widow Mine  
  44  3:44  Marine x2  
  44  3:48  SCV  
  44  3:50  SCV  
  44  3:51  Supply Depot  
  44  4:00  SCV  
  44  4:02  SCV, Armory  
  41  4:12  SCV  
  41  4:14  SCV  
  41  4:15  Marine  
  40  4:22  Marine  
  39  4:24  SCV  
  39  4:26  SCV  
  39  4:30  Widow Mine  
  43  4:33  Marine  
  43  4:37  SCV  
  44  4:41  SCV  
  44  4:44  Bunker  
  44  4:47  Marine  
  44  4:49  SCV  
  45  4:53  SCV  
  45  4:54  Widow Mine  
  43  5:01  SCV  
  43  5:02  Marine  
  43  5:05  SCV  
  43  5:06  Marine  
  46  5:10  Starport Tech Lab  
  46  5:13  SCV  
  47  5:20  SCV  
  48  5:23  Marine  
  48  5:24  Marine  
  48  5:26  SCV  
  51  5:32  Drilling Claws, Siege Tank  
  51  5:34  Command Center  
  54  5:35  Supply Depot  
  54  5:41  Supply Depot  
  54  5:45  Barracks  
  54  5:49  Starport Reactor  
  54  5:54  Refinery  
  54  5:55  Engineering Bay  
  54  5:56  Refinery  
  54  5:57  SCV x2, Marine  
  54  5:58  Marine  
  58  6:09  SCV x2  
  60  6:14  Siege Tank  
  60  6:15  Marine  
  60  6:21  Marine  
  60  6:22  Terran Infantry Weapons Level 1  
  60  6:23  SCV  
  60  6:24  SCV  
  61  6:35  SCV, Marine x2  
  61  6:36  Starport Reactor  
  61  6:38  SCV  
  61  6:39  Marine  
  66  6:42  Barracks  
  66  6:44  Barracks  
  66  6:46  Barracks  
  66  6:47  Orbital Command  
  66  6:48  SCV  
  66  6:50  SCV  
  68  6:55  Marine  
  68  6:58  Marine  
  68  6:59  Marauder, Stimpack  
  68  7:00  SCV  
  73  7:02  Widow Mine, SCV  
  75  7:09  Bunker  
  75  7:12  SCV  
  75  7:13  Medivac x2  
  75  7:14  SCV  
  82  7:15  SCV  
  82  7:19  Supply Depot  
  82  7:22  Supply Depot  
  82  7:24  Marine x2  
  82  7:25  SCV  
  85  7:37  Barracks Tech Lab x2, Supply Depot  
  85  7:38  Barracks Reactor  
  85  7:41  SCV x3, Marauder  
  90  7:50  Widow Mine x2  
  94  7:51  Marine x2  
  94  7:53  Supply Depot  
  94  7:56  Supply Depot  
  94  7:58  Engineering Bay  
  96  7:59  Marauder x2  
  96  8:04  Marauder  
  102  8:06  Orbital Command  
  102  8:07  SCV  
  101  8:13  SCV  
  101  8:18  Marine x3  
  105  8:20  SCV, Marauder  
  108  8:28  Marauder x2  
  108  8:31  SCV  
  108  8:35  SCV x2  
  108  8:38  Marine x3  
  108  8:39  Widow Mine x2  
  117  8:41  Marauder  
  117  8:42  Supply Depot  
  117  8:44  Medivac  
  117  8:46  Medivac  
  117  8:47  SCV  
  122  8:49  SCV x2  
  122  8:56  Supply Depot  
  122  8:57  Marine  
  122  8:58  Supply Depot  
  122  9:00  Marauder  
  122  9:01  Missile Turret  
  125  9:03  Marine x2  
  127  9:13  Supply Depot  
  127  9:14  Concussive Shells, Supply Depot  
  127  9:15  Marauder, Supply Depot  
  133  9:17  Widow Mine x2  
  133  9:18  Medivac x2  
  133  9:23  Marine x4  
  140  9:28  Marauder  
  136  9:34  Marauder  
  138  9:42  Marine  
  138  9:43  Marauder, Marine x2  
  143  9:52  Marine  
Show
View Real Time Build Order
Export as new Build Order

TLHarstem Protoss - Winner!

Build Orders: 1 Gate Expand 

Get SALT Encoding   

  12  0:00  Probe  
  13  0:12  Probe  
  14  0:17  Pylon  
  14  0:24  Probe  
  15  0:36  Probe, Gateway  
  16  0:48  Probe  
  17  1:08  Nexus  
  17  1:13  Assimilator  
  17  1:14  Probe  
  18  1:24  Cybernetics Core  
  18  1:27  Probe  
  19  1:35  Pylon  
  20  1:40  Probe  
  20  1:52  Probe  
  20  1:54  Gateway, Warp Gate (Chrono Boost)  
  21  2:03  Adept (Chrono Boost)  
  21  2:04  Probe  
  24  2:16  Gateway  
  24  2:19  Probe  
  25  2:25  Probe  
  26  2:30  Stalker  
  26  2:33  Probe  
  29  2:38  Probe  
  30  2:44  Adept  
  30  2:48  Probe  
  33  2:52  Probe  
  33  2:56  Assimilator  
  34  2:59  Pylon  
  34  3:01  Probe  
  34  3:04  Probe  
  36  3:13  Probe  
  36  3:16  Probe  
  38  3:22  Adept x2  
  38  3:23  Adept  
  38  3:25  Probe  
  45  3:28  Probe  
  45  3:34  Pylon  
  46  3:37  Probe  
  48  3:46  Stalker x3  
  51  3:49  Probe (Chrono Boost)  
  51  3:51  Probe (Chrono Boost)  
  52  4:01  Probe (Chrono Boost)  
  52  4:03  Probe (Chrono Boost), Twilight Council  
  52  4:09  Probe x2 (Chrono Boost)  
  48  4:18  Probe  
  48  4:20  Probe  
  48  4:31  Stalker x3  
  54  4:33  Probe  
  54  4:34  Probe  
  54  4:36  Assimilator  
  54  4:37  Assimilator  
  56  4:41  Pylon x2  
  56  4:45  Probe  
  57  4:51  Probe  
  56  4:54  Robotics Facility  
  56  4:56  Pylon  
  54  5:01  Probe  
  54  5:03  Probe  
  56  5:10  Blink (Chrono Boost)  
  56  5:11  Nexus  
  56  5:13  Probe  
  57  5:16  Probe  
  57  5:21  Stalker  
  60  5:24  Stalker  
  60  5:26  Pylon  
  60  5:28  Probe  
  63  5:33  Stalker  
  65  5:36  Probe  
  65  5:40  Probe  
  68  5:43  Observer (Chrono Boost)  
  68  5:44  Stalker  
  68  5:45  Pylon  
  68  5:48  Probe  
  71  5:53  Robotics Bay  
  71  5:57  Pylon, Forge  
  71  6:02  Probe  
  72  6:13  Probe  
  72  6:17  Probe (Chrono Boost)  
  74  6:18  Observer  
  74  6:19  Stalker x2  
  74  6:25  Probe (Chrono Boost)  
  79  6:28  Probe (Chrono Boost)  
  79  6:29  Probe (Chrono Boost), Protoss Ground Weapons Level 1 (Chrono Boost)  
  81  6:36  Probe (Chrono Boost)  
  81  6:38  Probe x2 (Chrono Boost)  
  84  6:41  Probe (Chrono Boost)  
  84  6:42  Colossus  
  84  6:45  Probe x2  
  84  6:46  Gateway  
  93  6:51  Shield Battery  
  93  6:52  Gateway  
  93  6:56  Probe, Assimilator  
  94  7:07  Probe x2  
  94  7:08  Charge (Chrono Boost)  
  90  7:11  Pylon  
  90  7:13  Assimilator  
  90  7:19  Extended Thermal Lance  
  90  7:24  Gateway  
  90  7:26  Gateway  
  90  7:27  Gateway  
  90  7:30  Pylon  
  90  7:31  Probe, Zealot x3  
  90  7:32  Probe  
  90  7:33  Probe  
  90  7:36  Templar Archives  
  99  7:41  Colossus (Chrono Boost)  
  99  7:48  Zealot x2  
  109  7:56  Probe, Sentry  
  112  8:00  Probe, Photon Cannon  
  112  8:01  Nexus  
  112  8:04  Zealot x2  
  117  8:13  High Templar x2  
  117  8:14  Observer  
  117  8:18  Archon  
  121  8:26  Stalker x5  
  128  8:27  Warp Prism  
  125  8:40  Probe x2  
  127  8:47  High Templar, Zealot x2  
  133  8:49  Photon Cannon  
  133  8:52  Probe  
  133  8:53  High Templar, Zealot  
  138  8:56  Pylon  
  138  8:59  Archon  
  138  9:01  Probe  
  139  9:06  Zealot  
  141  9:12  Probe  
  141  9:13  Zealot x4, Forge  
  150  9:19  Probe  
  150  9:20  Probe  
  150  9:23  Pylon  
  152  9:35  High Templar x3  
  152  9:36  High Templar  
  152  9:37  Zealot x2  
  164  9:40  Archon, Pylon  
  164  9:41  Probe  
  164  9:42  Archon, Pylon  
  164  9:43  Pylon  
  164  9:44  Probe  
  164  9:45  Probe x2  
  157  9:47  Photon Cannon  
  128  9:57  Zealot x4  
  96  10:10  Stalker x4  
Tags
 
Add a new tag
Caveats
  • Supply blocks, unpowered buildings, or Contaminate may cause inaccurate times.
  • Supply counts are checked every 10 seconds.